 Dungeon Crawl Stone Soup version 0.27.0 (webtiles) character file.

Game seed: 9565915447963325909

193 shoop the Magician (level 6, -4/42 HPs)
             Began as a Djinni Air Elementalist on July 30, 2021.
             Was an Initiate of Gozag.
             Slain by a wyvern zombie (11 damage)
             ... on level 4 of the Dungeon.
             The game lasted 00:06:38 (2408 turns).

shoop the Magician (Djinni Air Elementalist)        Turns: 2408, Time: 00:06:39

Health: -4/42      AC: 11    Str:  9    XL:     6   Next: 2%
Gold:   124        EV: 11    Int: 17    God:    Gozag SH:  0 Dex: 13

rFire    + + .     SeeInvis .   g - +1 dagger (protect)
rCold    x . .     Faith    .   (no shield)
rNeg     . . .     Spirit   .   e - +0 leather armour
rPois    ∞         Reflect  .   f - +0 helmet
rElec    .         Harm     .   (no cloak)
rCorr    .         Rampage  .   (no gloves)
Will     .....                  (boots unavailable)
Stlth    ++........             d - amulet of regeneration
HPRegen  1.14/turn              (no ring)
MPRegen  0.00/turn              (no ring)

@: under a protective aura, flying, very slightly contaminated
A: sickness immunity, fire resistance 2, cold vulnerability 1, float, innate
caster, hp casting, extra vitality 1
a: Renounce Religion, Potion Petition, Call Merchant, Bribe Branch


You were on level 4 of the Dungeon.
You worshipped Gozag.
Gozag was aware of your devotion.
You visited 1 branch of the dungeon, and saw 4 of its levels.

You collected 173 gold pieces.
You paid 49 gold pieces to Gozag.

Inventory:

Hand Weapons
 g - a +1 dagger of protection (weapon)
Armour
 a - a +0 robe
 e - a +0 leather armour (worn)
 f - a +0 helmet (worn)
Jewellery
 d - an amulet of regeneration (around neck)
Wands
 o - a wand of flame (24)
Scrolls
 c - a scroll of immolation {unknown}
 i - a scroll of identify {unknown}
 k - a scroll of blinking {unknown}
 l - 2 scrolls of teleportation {unknown}
 n - 2 scrolls of noise {unknown}
 q - a scroll of silence {unknown}
Potions
 b - 3 potions of curing {unknown}
 h - a potion of haste {unknown}
 j - 3 potions of flight {unknown}
 m - a potion of ambrosia {unknown}
 p - a potion of heal wounds {unknown}
 r - a potion of attraction {unknown}


   Skills:
 - Level 1.0 Fighting
 - Level 1.0 Armour
 - Level 2.1 Dodging
 - Level 2.0 Stealth
 * Level 4.4 Spellcasting


You couldn't memorise any spells.
You knew the following spells:

 Your Spells              Type           Power      Damage    Failure   Level
a - Shock                 Conj/Air       76%        1d7       3%          1
b - Swiftness             Air            19%        N/A       10%         3
c - Static Discharge      Conj/Air       19%        N/A       4%          2
d - Airstrike             Air            9%         N/A       32%         4
e - Corona                Hex            21%        N/A       3%          1
f - Slow                  Hex            19%        N/A       4%          2
Your spell library was empty.

Dungeon Overview and Level Annotations

Branches:
Dungeon (4/15)
 Temple: D:4-7

Altars:
Gozag
Vehumet
Wu Jian

Annotations:
D:3 exclusion: centaur
D:4 Natasha, Sigmund


Innate Abilities, Weirdness & Mutations

You are immune to sickness and miasma.
You are immune to poison.
Your flesh is very heat resistant. (rF++)
You are vulnerable to cold. (rC-)
You float through the air rather than walking.
You learn spells naturally, not from books.
Your magical power is your life essence.
You have superior vitality. (+4 HP)


Message History

Confirm with . or Enter, or press ? or * to list all spells.
You miscast Static Discharge.
You are very lightly contaminated with residual magic.
Nothing appears to happen.
The wyvern zombie bites you!
Casting: Static Discharge (safe; 4% risk of failure)
Confirm with . or Enter, or press ? or * to list all spells.
The wyvern zombie is struck by an arc of lightning.
The wyvern zombie is heavily damaged.
You are struck by an arc of lightning.
The lightning grounds out.
The wyvern zombie bites you!
* * * LOW HITPOINT WARNING * * *
Casting: Static Discharge (safe; 4% risk of failure)
Confirm with . or Enter, or press ? or * to list all spells.
You miscast Static Discharge.
Nothing appears to happen.
* * * LOW HITPOINT WARNING * * *
The wyvern zombie barely misses you. The wyvern zombie closely misses you.
Unknown command.
Okay, then.
You hit the wyvern zombie but do no damage.
Your weapon exudes an aura of protection.
The wyvern zombie is heavily damaged.
The wyvern zombie bites you but does no damage.
You hit the wyvern zombie.
The wyvern zombie is severely damaged.
The wyvern zombie bites you but does no damage.
You hit the wyvern zombie.
The wyvern zombie is severely damaged.
The wyvern zombie bites you.
* * * LOW HITPOINT WARNING * * *
You hit the wyvern zombie but do no damage.
The wyvern zombie is severely damaged.
The wyvern zombie closely misses you. The wyvern zombie barely misses you.
You completely miss the wyvern zombie.
The wyvern zombie is severely damaged.
The wyvern zombie closely misses you.
You hit the wyvern zombie.
The wyvern zombie is severely damaged.
The wyvern zombie bites you!
You die...
Your body crumbles into a pile of gold.

#..# .. #.## ..#
###.####### ...#
#..........
.....#..........
$ #..#..........
####............
......Z.........
....##.@........
...# #..........
... #.$.#######
## #...# #####


You could see a wyvern zombie.

Vanquished Creatures
  Natasha (D:4)
  A gnoll (D:1)
  5 adders
  3 worms
  A dart slug (D:3)
  14 orcs
  4 bats
  9 endoplasms
  A giant cockroach (D:2)
  8 goblins
  9 hobgoblins
  6 kobolds
  4 quokkas
  11 ball pythons
  A frilled lizard (D:3)
  5 rats (D:1)
83 creatures vanquished.

Notes
Turn   | Place    | Note
-------+----------+-------------------------------------------
     0 | D:1      | shoop the Djinni Air Elementalist began the quest for the
                  | Orb.
     0 | D:1      | Reached XP level 1. HP: 15/15 MP: 0/0
   333 | D:1      | Reached XP level 2. HP: 17/21 MP: 0/0
   470 | D:1      | Reached skill level 3 in Spellcasting
   545 | D:1      | Reached XP level 3. HP: 25/25 MP: 0/0
   545 | D:1      | Learned a level 1 spell: Corona
   991 | D:2      | Reached XP level 4. HP: 31/31 MP: 0/0
  1066 | D:2      | Reached skill level 1 in Fighting
  1066 | D:2      | Reached skill level 1 in Armour
  1345 | D:2      | Found a faded altar of an unknown god.
  1483 | D:3      | Reached XP level 5. HP: 37/37 MP: 0/0
  1483 | D:3      | Learned a level 2 spell: Slow
  1523 | D:3      | Noticed a centaur
  1659 | D:3      | Found an ornate altar of the Wu Jian Council.
  1729 | D:3      | Reached skill level 4 in Spellcasting
  2019 | D:4      | Noticed Sigmund
  2173 | D:4      | Noticed Natasha
  2178 | D:4      | Killed Natasha
  2207 | D:4      | Found an opulent altar of Gozag.
  2268 | D:4      | Noticed Natasha
  2299 | D:4      | Became a worshipper of Gozag Ym Sagoz the Greedy
  2318 | D:4      | Reached XP level 6. HP: 42/42 MP: 0/0
  2408 | D:4      | Slain by a wyvern zombie

Illustrated notes

Levels and vault maps discovered:
D:1:      dpeg_arrival_boxorama, layout_basic, grunt_decor_mini_mirrors
D:2:      layout_rooms, ebering_ecumenical_altar_rust, minmay_door_square
D:3:      layout_rooms, mainiacjoe_overflow_tiny_flanked, vehumet_altar_wand_db
D:4:      minmay_spotlight, layout_rooms, nicolae_gozag_seed_capital,
          serial_shops, shop, uniq_sigmund, uniq_natasha

Skill      XL: |  1  2  3  4  5 |
---------------+----------------+-----
Spellcasting   | 3 4 |  4.4
Fighting       | 1 |  1.0
Armour         | 1 |  1.0
Stealth        | 2 |  2.0
Dodging        | |  2.1

Action                   |  1- 3 |  4- 6 || total
-------------------------+-------+-------++-------
Melee: Dagger            |    27 |    17 ||    44
 Cast: Shock             |    62 |   130 ||   192
       Static Discharge  |       |     1 ||     1
 Stab: Sleeping          |     2 |       ||     2
Armor: Leather armour    |    23 |    12 ||    35
Dodge: Dodged            |    29 |    12 ||    41
